 Dungeon Crawl Stone Soup version 0.30.1-9-gdf580d7c3d (webtiles) character file.

Game seed: 5677385069909110393

142 miro the Chopper (level 5, 0/41 (45) HPs)
             Began as a Minotaur Berserker on Sept 21, 2023.
             Was a Believer of Trog.
             Killed from afar by an orc wizard (6 damage)
             ... with a puff of flame
             ... on level 3 of the Dungeon on Sept 24, 2023.
             The game lasted 00:08:49 (2408 turns).

miro the Chopper (Minotaur Berserker)               Turns: 2408, Time: 00:08:50

HP:   0/41 (45)     AC:  9    Str: 23    XL:     5   Next: 3%
MP:   4/4           EV:  9    Int:  4    God:    Trog [**....]
Gold: 197           SH:  0    Dex: 10    Spells: 4/4 levels left

rFire   . . .        d - +0 war axe
rCold   . . .        (no shield)
rNeg    . . .        l - +1 chain mail
rPois   .            (helmet restricted)
rElec   .            (no cloak)
rCorr   .            (no gloves)
SInv    .            (no boots)
Will    .....        (no amulet) Stlth
                     (no ring)
HPRegen 0.26/turn    (no ring)
MPRegen 0.09/turn

%: no passive effects
@: drained
A: horns 2, retaliatory headbutt
a: Renounce Religion, Berserk, Trog's Hand


You were on level 3 of the Dungeon.
You worshipped Trog.
Trog was pleased with you.
You visited 1 branch of the dungeon, and saw 3 of its levels.

You collected 197 gold pieces.

Inventory:

Hand Weapons
 a - a +0 hand axe
 d - a +0 war axe (weapon)
Missiles
 f - 7 poisoned darts (quivered)
Armour
 b - a +0 animal skin
 l - a +1 chain mail (worn)
Jewellery
 e - an amulet of guardian spirit
Wands
 i - a wand of paralysis (6)
Scrolls
 c - 6 scrolls of identify {unknown}
Potions
 g - 2 potions of mutation {unknown}
 h - a potion of haste {unknown}
 j - 2 potions of invisibility {unknown}
 k - a potion of brilliance {unknown}


   Skills:
 - Level 3.6 Fighting
 * Level 7.0 Axes
 - Level 2.4 Armour
 - Level 2.1 Dodging


You had 4 spell levels left.
You didn't know any spells.
Your spell library was empty.

Dungeon Overview and Level Annotations

Branches:
Dungeon (3/15)

Altars:


Innate Abilities, Weirdness & Mutations

You have a pair of horns on your head.
You reflexively headbutt those who attack you in melee.


Message History

You slash something!
You hear some strange, mumbled words.
A magic dart appears from out of thin air!
The magic dart hits you.
You barely miss something. Something hits you but does no damage.
You miss something. You headbutt something.
You hear some strange, mumbled words.
You are confused.
Something hits you.
You bump into the rock wall.
Something hits you but does no damage.
You bump into the rock wall.
Something hits you but does no damage. Something hits you but does no damage.
You bump into the rock wall.
You hear some strange, mumbled words.
Something tries to affect you, but you resist.
You miss something. Your headbutt misses something.
You feel less confused. Something hits you but does no damage.
You hit something but do no damage. Your headbutt misses something.
You hear some strange, mumbled words.
A puff of flame appears from out of thin air!
The puff of flame hits you!
You completely miss something. Your headbutt misses something.
Something hits you but does no damage.
You closely miss something.
You hear some strange, mumbled words.
A puff of flame appears from out of thin air!
The puff of flame hits you.
You barely miss something. Something hits you but does no damage.
You miss something.
You hear some strange, mumbled words.
A puff of flame appears from out of thin air!
The puff of flame hits you!
* * * LOW HITPOINT WARNING * * *
Something hits you but does no damage.
You hit something.
You hear some strange, mumbled words.
A puff of flame appears from out of thin air!
The puff of flame hits you.
You die...

......# #.
......## #.
......<### #.
.........## #.##
...≈≈≈....# ..#
...≈"≈..#)# #.#
##.≈≈≈..#.####.###
#.....##.##.)){.#
####..##.##.).)@#
##.##>##.....#
#..##.##.....#
#.###.##.....# ##
##.# #.##.....#
.###..# #.##.....#
.#...## #.##.....#
...### #.##.....#
...######..###.###


There were no monsters in sight!

Vanquished Creatures
  An orc priest (D:3)
  2 adders (D:3)
  A river rat (D:3)
  3 worms (D:2)
  A dart slug (D:3)
  4 orcs (D:3)
  3 bats (D:1)
  8 endoplasms
  3 giant cockroaches
  4 goblins
  7 hobgoblins
  4 jackals (D:3)
  11 kobolds
  3 quokkas
  4 ball pythons
  5 rats
64 creatures vanquished.

Notes
Turn   | Place    | Note
-------+----------+-------------------------------------------
     0 | D:1      | miro the Minotaur Berserker began the quest for the Orb.
     0 | D:1      | Reached XP level 1. HP: 19/19 MP: 0/0
    54 | D:1      | Reached skill level 4 in Axes
   213 | D:1      | Reached XP level 2. HP: 26/26 MP: 1/1
   616 | D:1      | Reached skill level 5 in Axes
   682 | D:1      | Reached ** piety under Trog
   684 | D:1      | Reached XP level 3. HP: 28/31 MP: 2/2
   842 | D:2      | Upgraded the game from 0.30.1-6-gbe392663c4 to
                  | 0.30.1-9-gdf580d7c3d
  1997 | D:3      | Reached skill level 6 in Axes
  1997 | D:3      | Reached XP level 4. HP: 39/39 MP: 3/3
  2388 | D:3      | Reached XP level 5. HP: 35/45 MP: 2/4
  2395 | D:3      | Reached skill level 7 in Axes
  2408 | D:3      | Killed from afar by an orc wizard

Illustrated notes

Levels and vault maps discovered:
D:1:      spicycebolla_green_bress_n_ham, layout_basic
D:2:      layout_basic
D:3:      layout_rooms, gup_sewer_entry_spiral, corexii_item_surrounded_by_moat

Skill      XL: |  1  2  3  4  5 |
---------------+----------------+-----
Axes           | 4 5 6 7 |  7.0
Fighting       | |  3.6
Armour         | |  2.4
Dodging        | |  2.1

Action                     |  1- 3 |  4- 6 || total
---------------------------+-------+-------++-------
  Melee: Hand axe          |     8 |       ||     8
         War axe           |    74 |    36 ||   110
         Headbutt          |    13 |     6 ||    19
         Punch             |     1 |       ||     1
    Use: Scroll            |     3 |       ||     3
 Armour: Animal skin       |    10 |       ||    10
         Chain mail        |    13 |    26 ||    39
  Dodge: Dodged            |    53 |    12 ||    65
